 Dungeon Crawl Stone Soup version 0.30.1 (webtiles) character file.

Game seed: 16324768527869373

9 Sabo the Ducker (level 2, 22/22 HPs)
             Began as a Demonspawn Gladiator on July 12, 2023.
             Got out of the dungeon alive.
             The game lasted 00:00:45 (167 turns).

Sabo the Ducker (Demonspawn Gladiator)               Turns: 167, Time: 00:00:46

Health: 22/22      AC:  4    Str: 14    XL:     2   Next: 6%
Magic:  2/2        EV: 12    Int:  9    God:
Gold:   6          SH:  0    Dex: 14    Spells: 1/1 levels left

rFire   . . .        a - +0 war axe
rCold   . . .        (no shield)
rNeg    . . .        b - +0 leather armour
rPois   .            c - +0 helmet
rElec   .            (no cloak)
rCorr   .            (no gloves)
SInv    .            (no boots)
Will    .....        (no amulet)
Stlth   +            (no ring)
HPRegen 0.23/turn    (no ring)
MPRegen 0.16/turn

%: no passive effects
@: no status effects
A: magic regeneration
a: no special abilities


You escaped.
You visited 1 branch of the dungeon, and saw 1 of its levels.

You collected 6 gold pieces.

Inventory:

Hand Weapons
 a - a +0 war axe (weapon)
Missiles
 d - 3 throwing nets (quivered)
 e - a javelin
Armour
 b - a +0 leather armour (worn)
 c - a +0 helmet (worn)
Potions
 f - a potion of brilliance {unknown}


   Skills:
 + Level 2.2 Fighting
 + Level 2.9 Axes
 + Level 1.8 Throwing
 + Level 2.9 Dodging


You had one spell level left.
You didn't know any spells.
Your spell library contained the following spells:

 Spells                   Type           Power      Damage    Failure   Level
 Call Canine Familiar     Summ           0%         N/A       83%         3
 Portal Projectile        Hex/Tloc       0%         N/A       83%         3
 Leda's Liquefaction      Hex/Erth       0%         N/A       99%         4


Dungeon Overview and Level Annotations

Branches:
Dungeon (1/15)

Altars:


Innate Abilities, Weirdness & Mutations

You regenerate magic rapidly.


Message History

The endoplasm barely misses you. The endoplasm closely misses you.
You slash the endoplasm!
You kill the endoplasm!
You hit the quokka.
The quokka is almost dead.
The quokka barely misses you.
You slash the quokka!
You kill the quokka!
You see here a quokka corpse.
A kobold comes into view. It is wielding a +0 whip.
The kobold shouts!
The giant cockroach misses you. The giant cockroach closely misses you.
You barely miss the giant cockroach.
The giant cockroach bites you but does no damage.
The giant cockroach closely misses you.
You slash the giant cockroach!
You kill the giant cockroach!
You have reached level 2!
Your demonic ancestry asserts itself...
Your magic begins to regenerate rapidly.
You hit the kobold.
The kobold is moderately wounded.
The kobold hits you but does no damage. The kobold closely misses you.
You closely miss the kobold.
The kobold is moderately wounded.
The kobold hits you but does no damage.
You slash the kobold!
You kill the kobold!
You see here a +0 whip.
You see here a +0 whip.
You see here a quokka corpse.
You see here 4 stones.
You enter the shallow water.
Moving in this stuff is going to be slow.
Why would you want to do that?
There is a staircase leading out of the dungeon here.
Are you sure you want to leave the Dungeon?
This will make you lose the game!
You have escaped!

.......................###
..........#.########.#...########
..........#..~♣♣♣♣♣~.###.##......
...)†.....##~~≈≈≈♣♣~~# #.##......
....).....##♣♣~~~~~♣♣# #.##......
......(...# ♣♣~~~~~≈♣ #.##......
..#######.# ♣≈~~~~~♣♣ #..##.....
.. #.# ♣≈~~~~~≈♣ ##.##..... ..
#.# ♣≈~~@~~♣♣ #.##..... .# #.#
♣≈~~~~~♣ #.##..).. . ♣♣~~~~~♣♣
#.##...#. ♣≈~~~~~≈♣ ##.†....#.
♣≈~~~~~♣♣###..#......
.~~≈≈♣≈≈~~#...##....#.
#..~♣♣♣♣♣~.(.#####...#. ####
###### #).... #.....


There were no monsters in sight!

Vanquished Creatures
  An endoplasm (D:1)
  A giant cockroach (D:1)
  2 quokkas (D:1)
  4 kobolds (D:1)
  2 rats (D:1)
10 creatures vanquished.

Notes
Turn   | Place    | Note
-------+----------+-------------------------------------------
     0 | D:1      | Sabo the Demonspawn Gladiator began the quest for the Orb.
     0 | D:1      | Reached XP level 1. HP: 16/16 MP: 1/1
   136 | D:1      | Gained mutation: You regenerate magic rapidly. [demonic
                  | ancestry]
   136 | D:1      | Reached XP level 2. HP: 22/22 MP: 2/2
   167 | D:$      | Got out of the dungeon alive.

Illustrated notes

Levels and vault maps discovered:
D:1:      reono_arrival_forest_river, layout_basic, minivault_5,
          minmay_pentomino_o4

Action                     || total
---------------------------++-------
  Melee: War axe           ||    27
 Armour: Leather armour    ||     7
  Dodge: Dodged            ||    28
